 Dungeon Crawl Stone Soup version 0.29-a0-1027-gcd8c55af63 (webtiles) character file.

Game seed: 4529211593383770090

8326 croobank the Blocker (level 11, -5/101 HPs)
             Began as a Minotaur Fighter on Aug 12, 2022.
             Was a Priest of Trog.
             Slain by a minotaur (8 damage)
             ... in a Gauntlet on Aug 13, 2022.
             The game lasted 00:38:59 (11104 turns).

croobank the Blocker (Minotaur Fighter)            Turns: 11104, Time: 00:38:59

Health: -5/101     AC: 13    Str: 29    XL:     11   Next: 8%
Magic:  10/10      EV: 10    Int:  7    God:    Trog [***...]
Gold:   476        SH:  7    Dex: 10    Spells: 10/10 levels left

rFire   + . .      SeeInvis .   B - +1 broad axe
rCold   . . .      Faith    .   c - +1 buckler
rNeg    . . .      Spirit   .   G - +0 swamp dragon scales
rPois   +          Reflect  .   (helmet restricted)
rElec   .          Harm     .   v - +0 cloak
rCorr   .          Rampage  .   A - +0 pair of gloves
Will    .....      NoTele   +   (no boots)
Stlth   ..........              f - amulet of the acrobat
HPRegen 0.26/turn               r - +6 ring of strength
MPRegen 0.12/turn               P - ring of protection from fire

@: invisible
A: horns 2, retaliatory headbutt
a: Renounce Religion, Berserk, Trog's Hand


You were in a Gauntlet.
You worshipped Trog.
Trog was most pleased with you.
You visited 3 branches of the dungeon, and saw 12 of its levels.
You also visited: Gauntlet.

You collected 476 gold pieces.

Inventory:

Hand Weapons
 a - a +1 war axe of chaos
 b - a +0 hand axe of flaming
 d - a +4 dire flail of freezing
 l - a +0 morningstar
 p - a +2 hand axe of electrocution
 u - the +4 dagger of Precise Incision {drain, rPois Will+ Int-2 Dex+3}
   (You found it on level 4 of the Dungeon)

   A truly terrible weapon, it drains the life of any living foe it strikes.
   Int:       It affects your intelligence (-2).
   Dex:       It affects your dexterity (+3).
   rPois:     It protects you from poison.
   Will:      It increases your willpower.
 B - a +1 broad axe (weapon)
 K - a +0 shortbow
 O - a +2 great sword of protection
 R - a +4 battleaxe
 S - a +4 halberd of freezing
Missiles
 o - 25 poisoned darts (quivered)
Armour
 c - a +1 buckler (worn)
 n - a +0 chain mail
 v - a +0 cloak (worn)
 A - a +0 pair of gloves (worn)
 D - a +1 pair of gloves of strength
 F - a +0 troll leather armour
 G - +0 swamp dragon scales (worn)
Jewellery
 e - a ring of see invisible
 f - an amulet of the acrobat (around neck)
 i - a ring of resist corrosion
 r - a +6 ring of strength (left hand)
 P - a ring of protection from fire (right hand)
Wands
 x - a wand of acid (4)
 H - a wand of flame (21)
Scrolls
 k - 2 scrolls of teleportation
 s - a scroll of silence
 w - a scroll of summoning
 C - a scroll of noise
 M - a scroll of fear
 Q - a scroll of butterflies
 T - a scroll of blinking {unknown}
Potions
 g - a potion of flight
 h - 3 potions of curing
 j - 4 potions of mutation
 m - a potion of invisibility
 q - 2 potions of heal wounds
 t - 2 potions of resistance
 z - a potion of lignification {unknown}
 E - a potion of cancellation {unknown}
 J - a potion of ambrosia {unknown}
Miscellaneous
 y - a lightning rod (4/4)


   Skills:
 + Level 10.9 Fighting
 + Level 10.6 Axes
 + Level 10.9 Armour
 + Level 11.0 Shields


You had 10 spell levels left.
You didn't know any spells.
Your spell library contained the following spells:

 Spells                   Type           Power      Damage    Failure   Level
 Poisonous Vapours        Pois/Air       0%         N/A       75%         2
 Corpse Rot               Necr/Pois/Air  0%         N/A       100%        4


Dungeon Overview and Level Annotations

Branches:
Dungeon (10/15)            Temple (1/1) D:4            Lair (1/5) D:8
    Orc (0/2) D:9         Gauntlet (1/1)

Altars:
Ashenzari
Cheibriados
Dithmenos
Elyvilon
Fedhas
Gozag
Kikubaaqudgha
Makhleb
Nemelex Xobeh
Okawaru
Qazlal
Ru
Sif Muna
Trog
Uskayaw
Vehumet
Wu Jian
Xom
Yredelemnul
Zin
The Shining One

Annotations:
D:3 2 transporters, Newt's ghost, amateur DsGl
Lair:1 3 runed translucent doors, Diaxkar's ghost, journeyman DsFE Gauntlet 6 transporters, 5 runed translucent doors


Innate Abilities, Weirdness & Mutations

You have a pair of horns on your head.
You reflexively headbutt those who attack you in melee.


Message History

The minotaur zombie misses you. You block the minotaur zombie's attack.
You slice the minotaur zombie!!
The minotaur zombie is severely damaged.
You slash the minotaur!
The minotaur is moderately wounded.
The minotaur unwields the +5 shortbow "Voasumon" {vorpal, Dex+9}.
The minotaur hits you!! The minotaur gores you!
Unknown command.
You barely miss the minotaur.
The minotaur is moderately wounded.
You slash the minotaur zombie! You block the minotaur zombie's attack.
The minotaur zombie gores you but does no damage.
Unknown command.
You hit the minotaur but do no damage.
You headbutt the minotaur, but do no damage.
The minotaur is moderately wounded.
You slash the minotaur zombie! The minotaur hits you!!
The minotaur gores you but does no damage.
The minotaur zombie closely misses you.
The minotaur zombie gores you but does no damage.
You hit the minotaur. Your headbutt misses the minotaur.
The minotaur is moderately wounded.
You hit the minotaur zombie.
The minotaur drinks a potion.
The minotaur flickers and vanishes!
Deactivating autopickup; reactivate with Ctrl-A.
Unknown command.
You closely miss something. You slash the minotaur zombie! Something hits you!
You block something's attack. You block the minotaur zombie's attack.
The minotaur zombie gores you! You block something's attack.
Something gores you but does no damage.
Unknown command.
You barely miss something. You barely miss the minotaur zombie.
The minotaur zombie hits you!
* * * LOW HITPOINT WARNING * * *
The minotaur zombie gores you!
* * * LOW HITPOINT WARNING * * *
Something hits you.
* * * LOW HITPOINT WARNING * * *
Something gores you!
You die...

### #.8.#≈≈.#.
#...##...##≈.#. ##
#.#.##.8.###.#© #.
#.#......##..#°
##'####.#.##.8.#...#.
#.⌠..##...##..÷#.∩.#R
#...∩##.#.##.©÷#...##
+⌠.Z{.'.#......#.8...
#..⌠@##.#.##.©.#...##
###+###...##...#.∩.#t
#.#.##.8.#...#.
#.#......##..#?
#.#.##.8.###.#©
#...##...# .## #####
.8.# #


You could see a minotaur zombie (unable to see you).

Vanquished Creatures
  Joseph (D:8)
  Maggie (D:7)
  A komodo dragon (Lair:1)
  2 trolls
  2 hornets (Gauntlet)
  A wyvern (D:9)
  3 fire elementals (Gauntlet)
  4 yaks (D:9)
  3 steam dragons
  2 hell hounds (Gauntlet)
  A water moccasin (D:6)
  5 orc warriors
  3 sky beasts
  An ice beast (D:6)
  A black bear (D:7)
  A centaur (D:7)
  3 wolves (D:8)
  2 phantoms
  A kobold brigand (D:3)
  5 bullfrogs
  A necrophage (D:5)
  3 small abominations (Gauntlet)
  22 wights
  12 killer bees (D:9)
  An electric eel (D:8)
  6 howler monkeys
  A gnoll bouda (D:8)
  A jelly (D:7)
  5 hounds
  5 orc priests
  10 orc wizards
  3 iguanas (D:5)
  5 gnolls (D:8)
  3 adders
  A white imp (D:7)
  3 dart slugs
  33 orcs
  3 ball pythons
  5 endoplasms
  2 giant cockroaches
  9 goblins
  5 hobgoblins
  6 kobolds
  A quokka (D:1)
  6 bats
  A frilled lizard (D:3)
  6 rats
202 creatures vanquished.

Vanquished Creatures (others)
  2 bushes (D:9)
  4 demonic plants (Gauntlet)
  A fungus (Lair:1)
  3 plants (Lair:1)
10 creatures vanquished.

Grand Total: 212 creatures vanquished

Notes
Turn   | Place    | Note
-------+----------+-------------------------------------------
     0 | D:1      | croobank the Minotaur Fighter began the quest for the Orb.
     0 | D:1      | Reached XP level 1. HP: 19/19 MP: 0/0
   249 | D:1      | Reached XP level 2. HP: 27/27 MP: 1/1
   470 | D:1      | Reached skill level 4 in Shields
   710 | D:2      | Reached XP level 3. HP: 33/33 MP: 2/2
   875 | D:2      | Found a faded altar of an unknown god.
  1491 | D:3      | Noticed a kobold brigand
  1509 | D:3      | Killed a kobold brigand
  1510 | D:3      | Reached XP level 4. HP: 20/41 MP: 3/3
  1701 | D:3      | Reached XP level 5. HP: 42/47 MP: 4/4
  1774 | D:3      | Noticed Newt's ghost (amateur DsGl)
  1806 | D:3      | Found a transporter.
  1817 | D:3      | Found a transporter.
  2041 | D:4      | Noticed a phantom
  2045 | D:4      | Killed a phantom
  2046 | D:4      | Reached skill level 5 in Shields
  2198 | D:4      | Found a staircase to the Ecumenical Temple.
  2241 | Temple   | Entered the Ecumenical Temple
  2400 | Temple   | Became a worshipper of Trog the Wrathful
  2467 | D:4      | Reached skill level 5 in Fighting
  2467 | D:4      | Reached skill level 5 in Armour
  2467 | D:4      | Upgraded the game from 0.29-a0-1023-g6ae1a4a2c7 to
                  | 0.29-a0-1027-gcd8c55af63
  2539 | D:4      | Identified the +4 dagger of Precise Incision {drain, rPois
                  | Will+ Int-2 Dex+3}
  3100 | D:5      | Entered Level 5 of the Dungeon
  3212 | D:5      | Reached XP level 6. HP: 56/56 MP: 5/5
  4395 | D:6      | Reached skill level 5 in Axes
  4400 | D:6      | Found a basalt altar of Yredelemnul.
  4402 | D:6      | Found a shadowy altar of Dithmenos.
  4403 | D:6      | Found a shimmering altar of Xom.
  4417 | D:6      | Found a burning altar of Makhleb.
  4420 | D:6      | Found a blossoming altar of Fedhas.
  4420 | D:6      | Noticed an orc warrior
  4444 | D:6      | Killed an orc warrior
  4445 | D:6      | Reached XP level 7. HP: 38/62 MP: 6/6
  4601 | D:6      | Found a white marble altar of Elyvilon.
  4605 | D:6      | Found a sparkling altar of Nemelex Xobeh.
  4606 | D:6      | Found a broken altar of Ashenzari.
  4616 | D:6      | Reached skill level 6 in Shields
  5336 | D:6      | Reached XP level 8. HP: 58/71 MP: 7/7
  5625 | D:6      | Reached skill level 7 in Shields
  5951 | D:7      | Reached * piety under Trog
  6244 | D:7      | Reached XP level 9. HP: 48/78 MP: 8/8
  6247 | D:7      | Reached skill level 8 in Shields
  6452 | D:7      | Reached ** piety under Trog
  6489 | D:7      | Noticed Maggie
  6497 | D:7      | Killed Maggie
  7260 | D:8      | Noticed a troll
  7271 | D:8      | Killed a troll
  7274 | D:8      | Noticed Joseph
  7291 | D:8      | Reached skill level 9 in Shields
  7295 | D:8      | Killed Joseph
  7637 | D:8      | Found a staircase to the Lair.
  7654 | D:8      | Reached XP level 10. HP: 78/91 MP: 9/9
  8168 | D:9      | Reached *** piety under Trog
  8681 | D:9      | Reached skill level 10 in Fighting
  8681 | D:9      | Reached skill level 10 in Armour
  8681 | D:9      | Reached skill level 10 in Shields
  9020 | D:9      | Reached skill level 10 in Axes
  9590 | D:9      | Found a staircase to the Orcish Mines.
  9691 | D:9      | Found a shimmering blue altar of Sif Muna.
  9872 | D:10     | Entered Level 10 of the Dungeon
  9972 | Lair:1   | Entered Level 1 of the Lair of Beasts
  9979 | Lair:1   | Found a runed translucent gate.
  9980 | Lair:1   | Found a runed translucent gate.
  9981 | Lair:1   | Found a runed translucent gate.
  9998 | Lair:1   | Noticed Diaxkar's ghost (journeyman DsFE)
 10003 | Lair:1   | Noticed an ice dragon
 10167 | Lair:1   | Found a gate leading to a gauntlet.
 10174 | Gauntlet | Entered a Gauntlet
 10174 | Gauntlet | Found a transporter.
 10174 | Gauntlet | Found a runed translucent gate.
 10174 | Gauntlet | Found a transporter.
 10428 | Gauntlet | Found a runed translucent door.
 10429 | Gauntlet | Noticed a worldbinder
 10432 | Gauntlet | Found a runed translucent gate.
 10437 | Gauntlet | Found a runed translucent gate.
 10449 | Gauntlet | Found a transporter.
 10449 | Gauntlet | Found a transporter.
 10453 | Gauntlet | Found a runed translucent door.
 10453 | Gauntlet | Found a runed translucent door.
 10475 | Gauntlet | Found a transporter.
 10479 | Gauntlet | Found a transporter.
 10589 | Gauntlet | Found a transporter.
 10589 | Gauntlet | Found a transporter.
 10611 | Gauntlet | Reached XP level 11. HP: 61/101 MP: 10/10
 10699 | Gauntlet | Found a transporter.
 10707 | Gauntlet | Noticed a ghost crab
 10714 | Gauntlet | Found a transporter.
 10747 | Gauntlet | Found a transporter.
 10766 | Gauntlet | Reached **** piety under Trog
 10767 | Gauntlet | Reached skill level 11 in Shields
 10767 | Gauntlet | Found a transporter.
 11091 | Gauntlet | Identified the +5 shortbow "Voasumon" {vorpal, Dex+9}
 11091 | Gauntlet | Noticed a minotaur
 11104 | Gauntlet | HP: 5/101 [minotaur zombie (10)]
 11104 | Gauntlet | Slain by a minotaur

Illustrated notes

Levels and vault maps discovered:
D:1:      dpeg_arrival_three_same_balls, layout_basic
D:2:      layout_rooms, shapermc_ecumenical_altar_pompeii, wad_floor_pattern_1
D:3:      layout_rooms, gammafunk_ghost_arena
D:4:      layout_basic, minmay_temple_entry_statues
D:5:      layout_basic, serial_bayou, serial_bayou_crossing,
          serial_bayou_shore_a, serial_bayou_ford_a, serial_bayou_lake_a,
          lemuel_flamethrower_1
D:6:      layout_loops_corners, nicolae_overflow_hallway_of_the_gods
D:7:      layout_loops_ring, uniq_maggie
D:8:      layout_basic, erik_lair_island, chequers_mini_garden, uniq_joseph
D:9:      layout_big_octagon, lemuel_blue_sif_altar, orc_0_dummy,
          dreamdust_princess_bridge, hangedman_decor_riveting,
          minmay_stone_trees_small
D:10:     layout_loops_ring, old_standard_altar, gammafunk_ghost_split,
          serial_shops, nicolae_stop_n_shop_2
Temple:   hellmonk_temple_forest_ring
Lair:1:   layout_cave_pods, gammafunk_ghost_icy, gauntlet_entry_generic,
          grunt_megastairs_3
Gauntlet: minmay_gauntlet_77_indecision [minmay_gauntlet_arena_77_path,
          minmay_gauntlet_arena_77_run_for_it,
          minmay_gauntlet_arena_77_shame_cube, minmay_gauntlet_arena_77_museum,
          minmay_gauntlet_arena_77_two_lines,
          minmay_gauntlet_arena_77_double_cross, gauntlet_exit_hidden_loot]

Skill      XL: |  1  2  3  4  5  6  7  8  9 10 11 |
---------------+----------------------------------+-----
Armour         | 4 5 6 7 9 10 | 10.9
Fighting       | 4 5 6 7 9 10 | 10.9
Shields        | 4 5 6 7 9 10 11 | 11.0
Axes           | 3 4 5 6 7 9 10 | 10.6

Action                   |  1- 3 |  4- 6 |  7- 9 | 10-12 || total
-------------------------+-------+-------+-------+-------++-------
Melee: War axe           |    73 |       |       |       ||    73
       Headbutt          |     9 |    15 |    38 |    51 ||   113
       Morningstar       |    12 |    97 |    34 |       ||   143
       Dagger            |       |     5 |     1 |       ||     6
       Broad axe         |       |       |   183 |   235 ||   418
Invok: Berserk           |       |       |     1 |     2 ||     3
       Trog's Hand       |       |       |     1 |     2 ||     3
Evoke: Wand              |       |       |     8 |       ||     8
  Use: Scroll            |     4 |     4 |     4 |     8 ||    20
       Potion            |       |       |     1 |     2 ||     3
Armor: Scale mail        |    19 |       |       |       ||    19
       Chain mail        |    17 |    42 |    70 |       ||   129
       Swamp dragon scal |       |       |    16 |    96 ||   112
Dodge: Dodged            |    36 |    45 |    90 |   154 ||   325
Block: Buckler           |    15 |    32 |    54 |   103 ||   204

Table legend: (Time is in decaauts)
 A = Elapsed time spent in this place.
 B = Non-inter-level travel time spent in this place.
 C = Inter-level travel time spent in this place.
 D = Time resting spent in this place.
 E = Time spent auto-exploring this place.
 F = Levels seen in this place.
 G = Mean time per level.
                   A        B        C        D        E       F      G
               +--------+--------+--------+--------+--------+-----+--------+
         Total |  11378 |  10853 |    525 |   2647 |   6272 |  13 |  875.2 |
       Dungeon |  10066 |   9569 |    497 |   1829 |   6144 |  10 | 1006.6 |
        Temple |    167 |    139 |     28 |      0 |    128 |   1 |  167.0 |
          Lair |    203 |    203 |      0 |    119 |      0 |   1 |  203.0 |
      Gauntlet |    940 |    940 |      0 |    699 |      0 |   1 |  940.0 |
               +--------+--------+--------+--------+--------+-----+--------+

Top non-repeatable levels by time:
     D:9: 1813 daAuts
     D:6: 1543 daAuts
     D:8: 1285 daAuts
     D:5: 1240 daAuts
     D:4: 1056 daAuts
     D:7: 1054 daAuts
Gauntlet: 940 daAuts
     D:3: 840 daAuts
     D:1: 696 daAuts
     D:2: 506 daAuts
  Lair:1: 203 daAuts
  Temple: 167 daAuts
    D:10: 30 daAuts
